 Dungeon Crawl Stone Soup version 0.22-a0-469-gf26638a (webtiles) character file.

61657 Gildeon the Severer (level 14, -13/129 HPs)
             Began as a Minotaur Fighter on June 11, 2018.
             Was the Champion of Okawaru.
             Mangled by an orc warrior
             ... wielding a +0 glaive
             ... summoned by an orange crystal statue
              (17 damage)
             ... on level 1 of the Orcish Mines on June 12, 2018.
             The game lasted 01:35:55 (17656 turns).

Gildeon the Severer (Minotaur Fighter)             Turns: 17656, Time: 01:35:57

Health: -13/129    AC: 34    Str: 35      XL:     14   Next: 61%
Magic:  3/15       EV: 14    Int:  5 (7)  God:    Okawaru [******]
Gold:   1656       SH:  0    Dex: 15      Spells: 14/15 levels left

rFire    . . .     SeeInvis .   a - +7 executioner's axe of the Sixty-Six Friends {venom, *Drain rN+ Str+9 Dex+3}
rCold    . . .     Gourm    +   (shield currently unavailable)
rNeg     + + .     Faith    .   g - +8 plate armour "Naasoi" {rElec rN+ Regen+ Str+2}
rPois    +         Spirit   .   (helmet restricted)
rElec    +         Reflect  .   e - +2 cloak
rCorr    +         Harm     .   o - +2 pair of gloves
MR       ++...                  n - +2 pair of boots {Stlth+}
Stlth    ..........             w - amulet of the gourmand
HPRegen  0.71/turn              s - ring of resist corrosion
MPRegen  0.14/turn              r - ring of the Gloaming {rPois MR+ Str+2 Slay+1}

@: no status effects
A: retaliatory headbutt, horns 2, talons 1, yellow scales 1, robust 1
a: Heroism, Finesse, Renounce Religion


You were on level 1 of the Orcish Mines.
You worshipped Okawaru.
Okawaru was exalted by your worship.
You were completely stuffed.

You visited 3 branches of the dungeon, and saw 17 of its levels.
You also visited: Ossuary and Volcano.

You collected 1908 gold pieces.
You spent 252 gold pieces at shops.

Inventory:

Hand Weapons
 a - the +7 executioner's axe of the Sixty-Six Friends (weapon) {venom, *Drain rN+ Str+9 Dex+3}
   (Okawaru gifted it to you on level 2 of the Lair of Beasts)

   It poisons the flesh of those it strikes.
   It affects your strength (+9).
   It affects your dexterity (+3).
   It protects you from negative energy.
   It causes draining when unequipped.
 b - a +2 executioner's axe of chopping
 u - a +0 battleaxe
Armour
 e - a +2 cloak (worn)
 g - the +8 plate armour "Naasoi" (worn) {rElec rN+ Regen+ Str+2}
   (Okawaru gifted it to you on level 3 of the Lair of Beasts)

   It affects your strength (+2).
   It insulates you from electricity.
   It protects you from negative energy.
   It increases your rate of regeneration.
 n - a +2 pair of boots of stealth (worn)
 o - a +2 pair of gloves (worn)
Jewellery
 j - an uncursed ring of flight
 p - the ring "Sutebebb" {rN+ Str+3 Int-3 Dex-3 SInv}
   (You found it on level 6 of the Dungeon)

   [ring of intelligence]

   It affects your strength (+3).
   It affects your intelligence (-3).
   It affects your dexterity (-3).
   It protects you from negative energy.
   It lets you see invisible.
 r - the ring of the Gloaming (right hand) {rPois MR+ Str+2 Slay+1}
   (You found it on level 5 of the Lair of Beasts)

   [ring of slaying]

   It affects your strength (+2).
   It affects your accuracy and damage with ranged weapons and melee attacks
   (+1).
   It protects you from poison.
   It affects your resistance to hostile enchantments.
 s - a ring of resist corrosion (left hand)
 w - an amulet of the gourmand (around neck)
 E - an uncursed ring of positive energy
Wands
 x - a wand of paralysis (22)
 z - a wand of digging (3)
Scrolls
 c - a scroll of enchant armour
 k - 3 scrolls of blinking
 y - 7 scrolls of remove curse
 B - 3 scrolls of identify
 C - 5 scrolls of teleportation
 D - a scroll of fog
Potions
 i - 3 potions of lignification
 l - a potion of magic
 m - a potion of resistance
 q - a potion of heal wounds
 t - 3 potions of invisibility
 v - 2 potions of ambrosia
 A - 3 potions of curing
Comestibles
 d - 19 chunks of flesh
 f - 33 rations


   Skills:
 + Level 9.4 Fighting
 * Level 19.3(19.4) Axes
   Level 4.0(13.6) Polearms
   Level 14.0 Bows
 + Level 9.4 Armour
 + Level 8.8 Dodging
   Level 3.6 Shields
 - Level 1.1 Spellcasting
 - Level 1.0 Hexes
 - Level 3.0 Invocations
 + Level 2.7 Evocations


You had 14 spell levels left.
You knew the following spells:

 Your Spells              Type           Power        Failure   Level  Hunger
a - Confusing Touch       Hex            #.....       87%         1    ##.....

Your spell library contained the following spells:

 Spells                   Type           Power        Failure   Level  Hunger
 Apportation              Tloc           #.....       95%         1    ##.....
 Bolt of Magma            Conj/Fire/Erth #.........   100%        5    ######.
 Venom Bolt               Conj/Pois      #.........   100%        5    ######.
 Summon Small Mammal      Summ           #...         95%         1    ##.....
 Animate Skeleton         Necr           N/A          95%         1    ##.....
 Summon Ice Beast         Ice/Summ       #.......     100%        4    #####..
 Call Imp                 Summ           #.......     99%         2    ###....
 Iron Shot                Conj/Erth      #.........   100%        6    #######
 Spider Form              Tmut/Pois      #.........   100%        3    ####...
 Blade Hands              Tmut           #.........   100%        5    ######.
 Ice Form                 Ice/Tmut       #.......     100%        4    #####..
 Sticks to Snakes         Tmut           #.......     99%         2    ###....
 Call Canine Familiar     Summ           #.......     100%        3    ####...
 Orb of Destruction       Conj           #.........   100%        7    #######
 Beastly Appendage        Tmut           #.....       95%         1    ##.....
 Iskenderun's Battlesphe  Conj/Chrm      #.......     100%        5    ######.
 Summon Lightning Spire   Summ/Air       #.......     100%        4    #####..
 Summon Guardian Golem    Hex/Summ       #.......     100%        3    ####...
 Spellforged Servitor     Conj/Summ      #.........   100%        7    #######


Dungeon Overview and Level Annotations

Branches:
Dungeon (10/15)            Temple (0/1) D:6            Lair (6/6) D:8
 Shoals (0/4) Lair:4        Snake (0/4) Lair:2        Slime (0/5) Lair:5
    Orc (1/2) D:10

Altars:
Ashenzari
Cheibriados
Dithmenos
Makhleb
Okawaru
Ru
Uskayaw
Vehumet
Wu Jian
Xom
Yredelemnul
Zin

Shops:
D:8 **

Annotations:
Lair:3 exclusion: 4 oklob plants
Orc:1 1 runed door, exclusion: orange crystal statue


Innate Abilities, Weirdness & Mutations

You reflexively headbutt those who attack you in melee.
You have a pair of horns on your head.
You have sharp toenails.
You are partially covered in yellow scales. (AC +2)
You are robust. (+10% HP)


Message History

You kill the orc warrior!
The orc warrior's corpse dissolves into shadows!
The orc knight hits you with a war axe of chopping.
* * * LOW HITPOINT WARNING * * *
The orc barely misses you.
The orc warrior hits you from afar with a glaive!!
* * * LOW HITPOINT WARNING * * *
You miss the orc.
You hit the orange crystal statue but do no damage.
You closely miss the orc wizard. You closely miss the orc knight.
You feel less confused.
You kill the orc knight!
The orc knight's corpse dissolves into shadows!
The orc wizard misses you. You furiously retaliate!
You headbutt the orc wizard! The orc hits you but does no damage.
The orc priest calls down the wrath of Beogh upon you.
Beogh smites you!
* * * LOW HITPOINT WARNING * * *
The orc warrior hits you from afar with a glaive!
You die...

####.##...))..#....#
#............###....
#.####+####.###.....
#.#.......#........#
#.#.#...#.#........#
#.#......$#.......##
#.#o..[...#......##
#.#o.o....#..).>.#
#.#@#o..#.#))#####
#.#8oo....#..#
#.####'####.)#
#............#
###..........#
############


You could see an orange crystal statue, an orc warrior, an orc priest, an orc
wizard and 2 orcs.

Vanquished Creatures
  The ghost of PeterLawrence the Warrior, a journeyman MiFi of Okawaru (Lair:6)
  The ghost of PegasusDuck the Wallflower, a journeyman HuGl of Uskayaw (Lair:1)
  Josephine (Lair:5)
  9 hydras
  2 two-headed ogres (D:9)
  3 death yaks (Lair:6)
  An alligator (Lair:6)
  An orc high priest (Orc:1)
  2 skeletal warriors (Volcano)
  3 orange crystal statues (Orc:1)
  A lindwurm (Lair:6)
  2 anaconda skeletons (Volcano)
  A manticore (Lair:4)
  An orc sorcerer (Orc:1)
  5 elephants (Lair:6)
  7 black mambas
  2 torpor snails
  8 gargoyles
  13 spiny frogs
  3 rime drakes
  6 komodo dragons
  2 trolls (Orc:1)
  A hornet (D:10)
  11 polar bears
  2 harpy skeletons (Volcano)
  11 dream sheep
  4 raiju (Lair:6)
  11 blink frogs
  6 hippogriffs
  3 flying skulls (Volcano)
  3 wyverns
  5 wraiths
  40 yaks
  2 basilisks
  A hungry ghost (D:8)
  4 nagas (Lair:2)
  4 wargs (Lair:6)
  9 water moccasins
  7 porcupines
  13 hell hounds (Lair:6)
  11 orc warriors
  A swamp drake (Lair:5)
  The ghost of Defined the Ducker, an amateur TrFi (D:4)
  2 sky beasts
  2 phantoms
  4 ice beasts
  11 black bears (Lair:6)
  7 ogres
  22 wolves
  4 centaurs
  10 crocodiles
  5 big kobolds
  13 bullfrogs
  A gnoll sergeant (Orc:1)
  2 elf skeletons (D:5)
  A wyvern skeleton (D:10)
  3 scorpions
  6 killer bees (D:9)
  3 wights (D:9)
  4 spriggan skeletons (Volcano)
  2 troll skeletons (Volcano)
  3 howler monkeys (D:10)
  An electric eel (Lair:4)
  4 crimson imps
  2 bullfrog zombies
  4 hounds
  3 quasits
  7 orc priests
  2 bullfrog skeletons
  3 jellies
  A gnoll shaman (D:6)
  6 iguanas (Lair:2)
  2 centaur skeletons (D:9)
  12 orc wizards
  9 worker ants
  5 big kobold zombies (Ossuary)
  A naga skeleton (Volcano)
  2 hound skeletons
  A mummy (Ossuary)
  9 gnolls
  A worker ant zombie (D:10)
  9 adders
  4 shadow imps
  3 oozes
  An adder zombie (D:9)
  2 worms (D:3)
  A dart slug (D:2)
  7 leopard geckos
  45 orcs
  3 spectral bats (Ossuary)
  9 bats
  2 giant cockroaches
  7 gnoll zombies (Ossuary)
  7 hobgoblins
  3 jackals (D:5)
  6 quokkas
  A ball python (D:2)
  4 bat simulacra (Ossuary)
  2 frilled lizards
  11 goblins
  A goblin simulacrum (Ossuary)
  4 goblin zombies (Ossuary)
  3 hobgoblin zombies (Ossuary)
  A jackal skeleton (D:4)
  19 kobolds
  4 kobold simulacra (Ossuary)
  3 kobold zombies (Ossuary)
  2 orc skeletons (D:5)
  9 orc zombies
  10 rats
  3 rat simulacra (Ossuary)
  A spectral goblin (Ossuary)
  3 spectral kobolds (Ossuary)
  14 bushes (Lair:6)
  6 fungi
  12 plants
627 creatures vanquished.

Vanquished Creatures (others)
  A kobold zombie (Ossuary)
  9 fungi
  15 plants
25 creatures vanquished.

Grand Total: 652 creatures vanquished

Notes
Turn   | Place    | Note
-------+----------+-------------------------------------------
     0 | D:1      | Gildeon the Minotaur Fighter began the quest for the Orb.
     0 | D:1      | Reached XP level 1. HP: 19/19 MP: 0/0
    57 | D:1      | Reached skill level 3 in Axes
   155 | D:1      | Reached XP level 2. HP: 24/26 MP: 1/1
   618 | D:1      | Reached skill level 4 in Axes
   863 | D:2      | Reached XP level 3. HP: 23/31 MP: 2/2
  1398 | D:2      | Reached skill level 5 in Axes
  1585 | D:2      | Found a shimmering altar of Xom.
  1898 | D:3      | Found an iron altar of Okawaru.
  1930 | D:3      | Became a worshipper of Warmaster Okawaru
  1975 | D:3      | Reached XP level 4. HP: 37/39 MP: 3/3
  2102 | D:3      | Found a shadowy altar of Dithmenos.
  2105 | D:3      | Found a glowing silver altar of Zin.
  2108 | D:3      | Found a hide-covered altar of Uskayaw.
  2291 | D:3      | Found a snail-covered altar of Cheibriados.
  2564 | D:3      | Gained mutation: You are robust. (+10% HP) [potion of mutation]
  2564 | D:3      | Gained mutation: You have sharp toenails. [potion of mutation]
  2564 | D:3      | Gained mutation: Your natural rate of healing is unusually fast. [potion of mutation]
  2736 | D:4      | Reached skill level 6 in Axes
  2841 | D:4      | Reached XP level 5. HP: 33/49 MP: 4/4
  2997 | D:4      | Reached skill level 7 in Axes
  3017 | D:4      | Noticed Defined's ghost (amateur TrFi)
  3025 | D:4      | Killed Defined's ghost
  3025 | D:4      | Reached skill level 8 in Axes
  3025 | D:4      | Reached XP level 6. HP: 43/56 MP: 5/5
  3060 | D:4      | Learned a level 1 spell: Confusing Touch
  3132 | D:4      | Found a radiant altar of Vehumet.
  3472 | D:5      | Entered Level 5 of the Dungeon
  3487 | D:5      | Noticed an ice beast
  3503 | D:5      | Reached skill level 9 in Axes
  3507 | D:5      | Killed an ice beast
  3507 | D:5      | Reached * piety under Okawaru
  3507 | D:5      | Reached XP level 7. HP: 30/62 MP: 6/6
  3619 | D:5      | Reached skill level 10 in Axes
  3735 | D:5      | Reached ** piety under Okawaru
  3818 | D:5      | Reached skill level 11 in Axes
  3883 | D:5      | Found a sand-covered staircase.
  3888 | Ossuary  | Entered an ossuary
  3986 | Ossuary  | Reached XP level 8. HP: 70/70 MP: 7/7
  4336 | D:5      | Reached skill level 12 in Axes
  4386 | D:5      | Lost mutation: You have sharp toenails. [potion of mutation]
  4386 | D:5      | Lost mutation: Your natural rate of healing is unusually fast. [potion of mutation]
  4386 | D:5      | Gained mutation: You have sharp toenails. [potion of mutation]
  4386 | D:5      | Gained mutation: You are partially covered in yellow scales. (AC +2) [potion of mutation]
  4517 | D:5      | Found a sacrificial altar of Ru.
  4582 | D:6      | Found a staircase to the Ecumenical Temple.
  4804 | D:6      | Reached *** piety under Okawaru
  4810 | D:6      | Reached skill level 13 in Axes
  4915 | D:6      | Got a sparkling marble ring
  4917 | D:6      | Identified the cursed ring "Sutebebb" {rN+ Str+3 Int-3 Dex-3 SInv} (You found it on level 6 of the Dungeon)
  5008 | D:6      | Found a burning altar of Makhleb.
  5085 | D:6      | Reached XP level 9. HP: 68/77 MP: 8/8
  5305 | D:6      | Found a shattered altar of Ashenzari.
  5665 | D:7      | Reached skill level 14 in Axes
  6673 | D:8      | Reached **** piety under Okawaru
  6673 | D:8      | Reached skill level 1 in Bows
  6880 | D:8      | Found a basalt altar of Yredelemnul.
  6955 | D:8      | Found Lickoinui's General Store.
  6964 | D:8      | Bought a potion of might for 56 gold pieces
  6964 | D:8      | Bought a scroll of identify for 28 gold pieces
  6964 | D:8      | Bought a scroll of identify for 28 gold pieces
  6964 | D:8      | Bought a ration for 70 gold pieces
  6964 | D:8      | Bought a ration for 70 gold pieces
  7002 | D:8      | Found Fuvyututi's Assorted Antiques.
  7117 | D:8      | Reached skill level 5 in Armour
  7132 | D:8      | Found a staircase to the Lair.
  7554 | Lair:1   | Entered Level 1 of the Lair of Beasts
  7561 | Lair:1   | Noticed PegasusDuck's ghost (journeyman HuGl)
  7576 | Lair:1   | Reached skill level 5 in Bows
  7581 | Lair:1   | Killed PegasusDuck's ghost
  7581 | Lair:1   | Reached ***** piety under Okawaru
  7581 | Lair:1   | Received a gift from Okawaru
  7581 | Lair:1   | Reached skill level 1 in Dodging
  7581 | Lair:1   | Reached XP level 10. HP: 61/88 MP: 9/9
  7790 | Lair:1   | Noticed a black mamba
  7801 | Lair:1   | Killed a black mamba
  7801 | Lair:1   | Reached skill level 5 in Fighting
  7948 | Lair:1   | Received a gift from Okawaru
  8103 | Lair:1   | Received a gift from Okawaru
  8223 | Lair:1   | Reached skill level 10 in Bows
  8612 | Lair:2   | Noticed a six-headed hydra
  8620 | Lair:2   | Killed a six-headed hydra
  8620 | Lair:2   | Received a gift from Okawaru
  8648 | Lair:2   | Found a staircase to the Snake Pit.
  8891 | Lair:2   | Reached XP level 11. HP: 64/94 MP: 10/10
  8921 | Lair:2   | Received a gift from Okawaru
  9107 | Lair:2   | Reached skill level 1 in Polearms
  9391 | Lair:2   | Received a gift from Okawaru
  9681 | Lair:2   | Received a gift from Okawaru
  9690 | Lair:2   | Got a brightly glowing executioner's axe {god gift}
  9715 | Lair:2   | Identified the +7 executioner's axe of the Sixty-Six Friends {venom, *Drain rN+ Str+9 Dex+3} (Okawaru gifted it to you on level 2 of the Lair of Beasts)
  9779 | Lair:2   | Noticed a five-headed hydra
  9800 | Lair:2   | HP: 3/94 [five-headed hydra (12)]
  9809 | Lair:2   | Killed a five-headed hydra
 10861 | Lair:3   | Reached ****** piety under Okawaru
 11145 | Lair:3   | Received a gift from Okawaru
 11148 | Lair:3   | Got an encrusted plate armour {god gift}
 11159 | Lair:3   | Identified the +8 plate armour "Naasoi" {rElec rN+ Regen+ Str+2} (Okawaru gifted it to you on level 3 of the Lair of Beasts)
 11305 | Lair:3   | Found a runed door.
 11309 | Lair:3   | Noticed a four-headed hydra
 11315 | Lair:3   | Killed a six-headed hydra
 11315 | Lair:3   | Reached skill level 15 in Axes
 11392 | Lair:3   | Noticed an oklob plant
 11393 | Lair:3   | Noticed an oklob plant
 11393 | Lair:3   | Noticed an oklob plant
 11393 | Lair:3   | Noticed an oklob plant
 11591 | Lair:4   | Found a staircase to the Shoals.
 11596 | Lair:4   | Reached XP level 12. HP: 74/103 MP: 11/11
 11603 | Lair:4   | Noticed a four-headed hydra
 11612 | Lair:4   | Killed a seven-headed hydra
 11619 | Lair:4   | Found a labyrinth entrance.
 11786 | Lair:4   | Reached skill level 16 in Axes
 11979 | Lair:4   | Reached skill level 1 in Invocations
 11982 | Lair:4   | Reached skill level 1 in Evocations
 12657 | Lair:5   | Noticed Josephine
 12664 | Lair:5   | Killed Josephine
 12667 | Lair:5   | Noticed a seven-headed hydra
 12668 | Lair:5   | Received a gift from Okawaru
 12676 | Lair:5   | Killed a 12-headed hydra
 12676 | Lair:5   | Reached skill level 1 in Spellcasting
 12676 | Lair:5   | Reached skill level 1 in Hexes
 12788 | Lair:5   | Got a fine copper ring
 12807 | Lair:5   | Identified the ring of the Gloaming {rPois MR+ Str+2 Slay+1} (You found it on level 5 of the Lair of Beasts)
 12888 | Lair:5   | Reached skill level 5 in Dodging
 12912 | Lair:5   | Found a staircase to the Slime Pits.
 13121 | Lair:5   | Received a gift from Okawaru
 13366 | Lair:6   | Entered Level 6 of the Lair of Beasts
 13369 | Lair:6   | Reached skill level 17 in Axes
 13430 | Lair:6   | Noticed PeterLawrence's ghost (journeyman MiFi)
 13448 | Lair:6   | Killed PeterLawrence's ghost
 13448 | Lair:6   | Received a gift from Okawaru
 13448 | Lair:6   | Reached XP level 13. HP: 77/112 MP: 13/13
 13907 | Lair:6   | Found a dark tunnel.
 13912 | Volcano  | Entered a volcano
 13926 | Volcano  | Received a gift from Okawaru
 13981 | Volcano  | Reached skill level 18 in Axes
 13987 | Volcano  | Received a gift from Okawaru
 14620 | Lair:6   | Reached XP level 14. HP: 126/126 MP: 14/14
 14723 | Lair:6   | Received a gift from Okawaru
 15436 | D:9      | Found an ornate altar of the Wu Jian Council.
 15493 | D:9      | Received a gift from Okawaru
 16148 | D:9      | Reached skill level 19 in Axes
 16397 | D:10     | Entered Level 10 of the Dungeon
 16428 | D:10     | Found a sacrificial altar of Ru.
 16576 | D:10     | Found a staircase to the Orcish Mines.
 17072 | Orc:1    | Entered Level 1 of the Orcish Mines
 17073 | Orc:1    | Identified a scroll of acquirement
 17464 | Orc:1    | Found a runed door.
 17511 | Orc:1    | Found the +10 large shield of Ignorance {rN+ Int-4}
 17546 | Orc:1    | Found a runed door.
 17656 | Orc:1    | HP: 4/129 [orc priest/divine providence[an orange crystal statue] (15)]
 17656 | Orc:1    | Mangled by an orc warrior

Vault maps used:
D:1:      tarquinn_simple_flora_water_e
D:2:      xom_teletrap_fun, serial_bayou_pond_d
D:3:      old_standard_altar, grunt_temple_overflow_diamond,
          okawaru_ov_weapons_minmay
D:4:      lemuel_coloured_pillars_altar
D:5:      nicolae_ru_the_path_less_chosen, nicolae_ossuary_entry_catacombs,
          first_ration
D:6:      overflow_temple_1_default, marbit_many_paths, temple_statues,
          st_stairs_10
D:8:      kennysheep_mini, dpeg_oklobed_lair, serial_shops,
          nicolae_shop_temple_entry_statues_fountains, nicolae_shop_crystal
D:9:      lemuel_round_altar, hangedman_ranch
D:10:     orc_0_dummy, basic_altar
Lair:2:   beast_lair_carwin_large_1, minmay_snake_entry_guardpost_small,
          minivault_27
Lair:3:   pf_torpor_hydra, minmay_lair_oklob_chamber,
          infiniplex_staircase_pool_2
Lair:4:   minmay_shoals_entry_beasts, lab_entry_generic, serial_bayou_shore_a
Lair:5:   nicolae_slime_entry_slimehenge, hibernation_bobbens, uniq_josephine
Lair:6:   hangedman_lair_in_review, hangedman_lair_caniforms_friends,
          serial_forest, infiniplex_forest_clump_curved, infiniplex_forest_pool,
          infiniplex_forest_clump_small, infiniplex_forest_lined_room_2,
          infiniplex_forest_lined_2, infiniplex_forest_lined_corner,
          nicolae_volcano_entry_s_turn
Orc:1:    chequers_guarded_unrand_ignorance
Ossuary:  ossuary_zaba_two_paths
Volcano:  volcano_tomb

Skill      XL: |  1  2  3  4  5  6  7  8  9 10 11 12 13 14 |
---------------+-------------------------------------------+-----
Axes           | 3 4 5 6 8 9 11 13 14 15 17 18 19 | 19.3
Armour         | 5 8 9 |  9.4
Bows           | 7 11 13 14 | 14.0
Fighting       | 4 5 8 9 |  9.4
Dodging        | 1 2 5 7 8 |  8.8
Polearms       | 1 3 4 |  4.0
Invocations    | 2 3 |  3.0
Evocations     | 1 2 |  2.7
Spellcasting   | 1 |  1.1
Hexes          | 1 |  1.0
Shields        | |  3.6

Action                   |  1- 3 |  4- 6 |  7- 9 | 10-12 | 13-15 || total
-------------------------+-------+-------+-------+-------+-------++-------
Melee: War axe           |    90 |    73 |   168 |       |    74 ||   405
       Headbutt          |     9 |    11 |    57 |    76 |   161 ||   314
       Kick              |       |     9 |   100 |   103 |       ||   212
       Hand axe          |       |       |   160 |   147 |       ||   307
       Trident           |       |       |       |    12 |       ||    12
       Executioner's axe |       |       |       |   172 |   433 ||   605
       Battleaxe         |       |       |       |     3 |       ||     3
 Fire: Shortbow          |       |       |    52 |   124 |    61 ||   237
Evoke: Wand              |       |     6 |    18 |    12 |     6 ||    42
  Use: Scroll            |     4 |     8 |    12 |    12 |    12 ||    48
       Potion            |       |     2 |     4 |    12 |     3 ||    21
 Stab: Paralysed         |       |       |     2 |     3 |     1 ||     6
  Eat: Chunk             |     3 |     2 |    39 |    24 |    14 ||    82
       Ration            |       |     1 |     1 |       |       ||     2
Armor: Scale mail        |    56 |    55 |    98 |       |       ||   209
       Chain mail        |       |       |    48 |    94 |       ||   142
       Skin              |       |       |       |     3 |    12 ||    15
       Plate armour      |       |       |       |   173 |   355 ||   528
Dodge: Dodged            |    53 |    38 |   115 |   189 |   362 ||   757

Table legend:
 A = Spawn XP
 B = Non-spawn XP
 C = Spawn XP percentage of total XP
 D = Spawn monster count
 E = Non-spawn monster count
 F = Spawn count percentage of total count
 G = Total turns spent on level
                    A         B        C        D         E        F      G
               +---------+---------+-------+---------+---------+-------+---------
         Total |       0 |   88082 |   0.0 |       0 |     595 |   0.0 | 17656
               +---------+---------+-------+---------+---------+-------+---------
           D:1 |       0 |      31 |   0.0 |       0 |      18 |   0.0 |   807
           D:2 |       0 |      55 |   0.0 |       0 |      20 |   0.0 |  1091
           D:3 |       0 |      69 |   0.0 |       0 |      23 |   0.0 |   734
           D:4 |       0 |     297 |   0.0 |       0 |      10 |   0.0 |   840
           D:5 |       0 |    1427 |   0.0 |       0 |      37 |   0.0 |   761
           D:6 |       0 |     888 |   0.0 |       0 |      25 |   0.0 |  1029
           D:7 |       0 |     431 |   0.0 |       0 |      15 |   0.0 |  1063
           D:8 |       0 |    1140 |   0.0 |       0 |      11 |   0.0 |   934
           D:9 |       0 |    6892 |   0.0 |       0 |      53 |   0.0 |  1152
          D:10 |       0 |    3339 |   0.0 |       0 |      42 |   0.0 |   675
        Lair:1 |       0 |    3997 |   0.0 |       0 |      17 |   0.0 |   916
        Lair:2 |       0 |    8427 |   0.0 |       0 |      40 |   0.0 |  2367
        Lair:3 |       0 |    4478 |   0.0 |       0 |      17 |   0.0 |   811
        Lair:4 |       0 |    7065 |   0.0 |       0 |      27 |   0.0 |   884
        Lair:5 |       0 |    5516 |   0.0 |       0 |      20 |   0.0 |   909
        Lair:6 |       0 |   32197 |   0.0 |       0 |     114 |   0.0 |  1367
         Orc:1 |       0 |    5308 |   0.0 |       0 |      36 |   0.0 |   584
       Ossuary |       0 |     202 |   0.0 |       0 |      49 |   0.0 |   340
       Volcano |       0 |    6323 |   0.0 |       0 |      21 |   0.0 |   392
               +---------+---------+-------+---------+---------+-------+---------
